TOP OF THE 1ST |
Redwood City Redwoods batting - Pitching for Vancouver Vipers : RHP Jim Daniel
|
Pitching: RHP Jim Daniel
|
|
Batting: LHB Paul Alexander
|
0-0: Ball 1-0: Ball 2-0: SINGLE (Groundball, 34D)
|
Batting: RHB Dan Martin
|
0-0: Ball 1-0: Ball 2-0: Ball 3-0: Base on Balls Paul Alexander to second
|
Batting: LHB Tony Warrilow
|
0-0: Ball 1-0: Ball 2-0: Called Strike 2-1: Ball 3-1: Foul Ball, location: 2F 3-2: Base on Balls Paul Alexander to third Dan Martin to second
|
Batting: LHB Nicholas Alston
|
0-0: Grounds into double play, 4-6-3 (Groundball, 4) Paul Alexander scores Dan Martin to third
|
Batting: SHB Marvin Harris
|
0-0: Called Strike 0-1: Foul Ball, location: 2F 0-2: Strikes out swinging
|
Top of the 1st over - 1 run(s), 1 hit(s), 0 error(s), 1 left on base; Redwood City 1 - Vancouver 0 |
BOTTOM OF THE 1ST |
Vancouver Vipers batting - Pitching for Redwood City Redwoods : RHP Ron Williams
|
Pitching: RHP Ron Williams
|
|
Batting: LHB Marcos Cantú
|
0-0: Swinging Strike 0-1: Ball 1-1: Swinging Strike 1-2: Strikes out swinging
|
Batting: LHB Mike Williams
|
0-0: Ball 1-0: Bunt for hit - play at first, batter OUT! 1-3
|
Batting: SHB Henry Copeland
|
0-0: Ball 1-0: Ground out 1-3 (Groundball, 13S)
|
Bottom of the 1st over - 0 run(s), 0 hit(s), 0 error(s), 0 left on base; Redwood City 1 - Vancouver 0 |
TOP OF THE 2ND |
Redwood City Redwoods batting - Pitching for Vancouver Vipers : RHP Jim Daniel
|
Batting: RHB Edgardo Gonzáles
|
0-0: Ball 1-0: Foul Ball, location: 2F 1-1: Ball 2-1: Foul Ball, location: 2F 2-2: Ball 3-2: Ground out 5-3 (Groundball, 6S)
|
Batting: LHB Patrick Bright
|
0-0: Ball 1-0: Ball 2-0: Ball 3-0: Called Strike 3-1: Fly out, F3 (Popup, 3SF)
|
Batting: RHB Anastasio García
|
0-0: Ball 1-0: Called Strike 1-1: Foul Ball, location: 2F 1-2: Ground out 1-3 (Groundball, 15)
|
Top of the 2nd over - 0 run(s), 0 hit(s), 0 error(s), 0 left on base; Redwood City 1 - Vancouver 0 |
BOTTOM OF THE 2ND |
Vancouver Vipers batting - Pitching for Redwood City Redwoods : RHP Ron Williams
|
Batting: RHB Arthur Dumais
|
0-0: Ball 1-0: Fly out, F7 (Line Drive, 7S)
|
Batting: RHB Cristo Gilera
|
0-0: Ball 1-0: Ball 2-0: Ball 3-0: Base on Balls
|
Batting: LHB Ray Spencer
|
0-0: Ball 1-0: Ball 2-0: Foul Ball, location: 2F 2-1: Ball 3-1: Foul Ball, location: 2F 3-2: Strikes out swinging
|
Batting: RHB Xavier Feliciano
|
0-0: Ball 1-0: Called Strike 1-1: Foul Ball, location: 2F 1-2: Ball 2-2: Foul Ball, location: 2F 2-2: Foul Ball, location: 2F 2-2: Ball 3-2: Base on Balls Cristo Gilera to second
|
Batting: RHB Tomás Estrada
|
0-0: Ball 1-0: Ball 2-0: Called Strike 2-1: Swinging Strike 2-2: Ground out 6-3 (Groundball, 6)
|
Bottom of the 2nd over - 0 run(s), 0 hit(s), 0 error(s), 2 left on base; Redwood City 1 - Vancouver 0 |
TOP OF THE 3RD |
Redwood City Redwoods batting - Pitching for Vancouver Vipers : RHP Jim Daniel
|
Batting: LHB Alfonso Montoya
|
0-0: Ball 1-0: Ball 2-0: Ground out 4-3 (Groundball, 34)
|
Batting: LHB Paul Alexander
|
0-0: Ball 1-0: Ball 2-0: Ball 3-0: Base on Balls
|
Batting: RHB Dan Martin
|
0-0: Ball 1-0: Fly out, F8 (Flyball, 8LM) 1-0: Fly out, F8 (Flyball, 8LM)
|
Batting: LHB Tony Warrilow
|
0-0: Ball 1-0: Ball 2-0: Ball 3-0: Base on Balls Paul Alexander to second
|
Batting: LHB Nicholas Alston
|
0-0: Ball 1-0: Ground out 4-3 (Groundball, 4)
|
Top of the 3rd over - 0 run(s), 0 hit(s), 0 error(s), 2 left on base; Redwood City 1 - Vancouver 0 |
BOTTOM OF THE 3RD |
Vancouver Vipers batting - Pitching for Redwood City Redwoods : RHP Ron Williams
|
Batting: SHB Richard Bowman
|
0-0: Ground out 3-1 (Groundball, 34)
|
Batting: LHB Marcos Cantú
|
0-0: Fly out, F8 (Flyball, 8LD)
|
Batting: LHB Mike Williams
|
0-0: Foul Ball, location: 2F 0-1: Called Strike 0-2: Ball 1-2: Ground out 4-3 (Groundball, 4)
|
Bottom of the 3rd over - 0 run(s), 0 hit(s), 0 error(s), 0 left on base; Redwood City 1 - Vancouver 0 |
TOP OF THE 4TH |
Redwood City Redwoods batting - Pitching for Vancouver Vipers : RHP Jim Daniel
|
Batting: SHB Marvin Harris
|
0-0: Foul Ball, location: 2F 0-1: SINGLE (Groundball, 13S) (infield hit)
|
Batting: RHB Edgardo Gonzáles
|
0-0: Ball 1-0: Called Strike 1-1: Called Strike 1-2: Ball 2-2: Ball 3-2: Base on Balls Marvin Harris to second
|
Batting: LHB Patrick Bright
|
0-0: Called Strike 0-1: Called Strike 0-2: Ball 1-2: Strikes out swinging
|
Batting: RHB Anastasio García
|
0-0: Called Strike 0-1: Fly out, F7 (Flyball, 78M)
|
Batting: LHB Alfonso Montoya
|
0-0: Called Strike 0-1: Foul Ball, location: 2F 0-2: Foul Ball, location: 2F 0-2: DOUBLE (Flyball, 7M) Marvin Harris scores Edgardo Gonzáles to third Runner from 3rd tries for Home, SAFE, no throw or cutoff
|
Batting: LHB Paul Alexander
|
0-0: Foul Ball, location: 2F 0-1: Ball 1-1: Ball 2-1: Foul Ball, location: 2F 2-2: Foul Ball, location: 2F 2-2: Ball 3-2: Fly out, F7 (Flyball, 78M)
|
Top of the 4th over - 2 run(s), 2 hit(s), 0 error(s), 1 left on base; Redwood City 3 - Vancouver 0 |
BOTTOM OF THE 4TH |
Vancouver Vipers batting - Pitching for Redwood City Redwoods : RHP Ron Williams
|
Batting: SHB Henry Copeland
|
0-0: Foul Ball, location: 2F 0-1: Ball 1-1: Called Strike 1-2: Strikes out looking
|
Batting: RHB Arthur Dumais
|
0-0: Ground out 3-1 (Groundball, 34)
|
Batting: RHB Cristo Gilera
|
0-0: Fly out, F8 (Flyball, 8LD)
|
Bottom of the 4th over - 0 run(s), 0 hit(s), 0 error(s), 0 left on base; Redwood City 3 - Vancouver 0 |
TOP OF THE 5TH |
Redwood City Redwoods batting - Pitching for Vancouver Vipers : RHP Jim Daniel
|
Batting: RHB Dan Martin
|
0-0: Ball 1-0: Foul Ball, location: 2F 1-1: Ball 2-1: Ball 3-1: Foul Ball, location: 2F 3-2: Base on Balls
|
Batting: LHB Tony Warrilow
|
0-0: Ball 1-0: 2-RUN HOME RUN (Flyball, 9D), Distance : 390 ft
|
Batting: LHB Nicholas Alston
|
0-0: Called Strike 0-1: Ball 1-1: Ground out 4-3 (Groundball, 4)
|
Batting: SHB Marvin Harris
|
0-0: Called Strike 0-1: Fly out, F9 (Line Drive, 89M)
|
Batting: RHB Edgardo Gonzáles
|
0-0: Called Strike 0-1: SINGLE (Line Drive, 56D)
|
Batting: LHB Patrick Bright
|
0-0: Ball 1-0: Called Strike 1-1: Ball 2-1: Ball 3-1: Swinging Strike 3-2: Strikes out swinging
|
Top of the 5th over - 2 run(s), 2 hit(s), 0 error(s), 1 left on base; Redwood City 5 - Vancouver 0 |
BOTTOM OF THE 5TH |
Vancouver Vipers batting - Pitching for Redwood City Redwoods : RHP Ron Williams
|
Batting: LHB Ray Spencer
|
0-0: Foul Ball, location: 2F 0-1: Called Strike 0-2: Ball 1-2: Strikes out looking
|
Batting: RHB Xavier Feliciano
|
0-0: Called Strike 0-1: Foul Ball, location: 2F 0-2: Foul Ball, location: 2F 0-2: Ball 1-2: DOUBLE (Line Drive, 5D)
|
Batting: RHB Tomás Estrada
|
0-0: Ball 1-0: Swinging Strike 1-1: Foul Ball, location: 2F 1-2: Fly out, F9 (Flyball, 9M)
|
Batting: SHB Richard Bowman
|
0-0: Ball 1-0: Swinging Strike 1-1: Foul Ball, location: 2F 1-2: Ball 2-2: Foul Ball, location: 2F 2-2: Fly out, F5 (Popup, 5DF)
|
Bottom of the 5th over - 0 run(s), 1 hit(s), 0 error(s), 1 left on base; Redwood City 5 - Vancouver 0 |
TOP OF THE 6TH |
Redwood City Redwoods batting - Pitching for Vancouver Vipers : RHP Jim Daniel
|
Pitching: LHP Francisco Flores
|
|
Batting: RHB Anastasio García
|
0-0: Ball 1-0: Swinging Strike 1-1: Ball 2-1: Ball 3-1: Foul Ball, location: 2F 3-2: Base on Balls
|
Batting: LHB Alfonso Montoya
|
0-0: Ball 1-0: Ground out 4-3 (Groundball, 4S) Anastasio García to second
|
Batting: LHB Paul Alexander
|
0-0: Swinging Strike 0-1: Ball 1-1: Foul Ball, location: 2F 1-2: SINGLE (Groundball, 13) (infield hit) Anastasio García to third
|
Batting: RHB Dan Martin
|
0-0: Called Strike 0-1: Ball 1-1: Ball Paul Alexander is caught stealing 2nd base 2-1: Foul Ball, location: 2F 2-2: Foul Ball, location: 2F 2-2: Strikes out looking
|
Top of the 6th over - 0 run(s), 1 hit(s), 0 error(s), 1 left on base; Redwood City 5 - Vancouver 0 |
BOTTOM OF THE 6TH |
Vancouver Vipers batting - Pitching for Redwood City Redwoods : RHP Ron Williams
|
Batting: LHB Marcos Cantú
|
0-0: Foul Ball, location: 2F 0-1: Foul Ball, location: 2F 0-2: Ball 1-2: Foul Ball, location: 2F 1-2: Fly out, F9 (Flyball, 89S)
|
Batting: LHB Mike Williams
|
0-0: DOUBLE (Line Drive, 5D)
|
Batting: SHB Henry Copeland
|
0-0: Called Strike 0-1: Foul Ball, location: 2F 0-2: Ball 1-2: Foul Ball, location: 2F 1-2: Foul Ball, location: 2F 1-2: Strikes out swinging
|
Batting: RHB Arthur Dumais
|
0-0: Ball 1-0: Ball 2-0: Foul Ball, location: 2F 2-1: Called Strike 2-2: Ball 3-2: Base on Balls
|
Batting: RHB Cristo Gilera
|
0-0: Fly out, F8 (Flyball, 89M)
|
Bottom of the 6th over - 0 run(s), 1 hit(s), 0 error(s), 2 left on base; Redwood City 5 - Vancouver 0 |
TOP OF THE 7TH |
Redwood City Redwoods batting - Pitching for Vancouver Vipers : LHP Francisco Flores
|
Batting: LHB Tony Warrilow
|
0-0: Ball 1-0: Foul Ball, location: 2F 1-1: Foul Ball, location: 2F 1-2: Strikes out swinging
|
Batting: LHB Nicholas Alston
|
0-0: Called Strike 0-1: Swinging Strike 0-2: Strikes out swinging
|
Batting: SHB Marvin Harris
|
0-0: Ball 1-0: Ball 2-0: Called Strike 2-1: Foul Ball, location: 2F 2-2: Ball 3-2: Ground out 5-3 (Groundball, 5)
|
Top of the 7th over - 0 run(s), 0 hit(s), 0 error(s), 0 left on base; Redwood City 5 - Vancouver 0 |
BOTTOM OF THE 7TH |
Vancouver Vipers batting - Pitching for Redwood City Redwoods : RHP Ron Williams
|
Batting: LHB Ray Spencer
|
0-0: Ball 1-0: Called Strike 1-1: Foul Ball, location: 2F 1-2: Fly out, F8 (Flyball, 8RM)
|
Batting: RHB Xavier Feliciano
|
0-0: Foul Ball, location: 2F 0-1: Fly out, F7 (Flyball, 7S)
|
Batting: RHB Tomás Estrada
|
0-0: Called Strike 0-1: Called Strike 0-2: Strikes out swinging
|
Bottom of the 7th over - 0 run(s), 0 hit(s), 0 error(s), 0 left on base; Redwood City 5 - Vancouver 0 |
TOP OF THE 8TH |
Redwood City Redwoods batting - Pitching for Vancouver Vipers : LHP Francisco Flores
|
Pitching: LHP Theron Lilly
|
|
Batting: RHB Edgardo Gonzáles
|
0-0: Ball 1-0: Called Strike 1-1: Foul Ball, location: 2F 1-2: Strikes out swinging
|
Batting: LHB Patrick Bright
|
0-0: Called Strike 0-1: SINGLE (Groundball, 4M)
|
Batting: RHB Anastasio García
|
0-0: Ball 1-0: SINGLE (Line Drive, 7S) Patrick Bright to second
|
Batting: LHB Alfonso Montoya
|
0-0: Swinging Strike 0-1: Foul Ball, location: 2F 0-2: Ball 1-2: DOUBLE (Flyball, 8RXD) Patrick Bright scores Anastasio García to third
|
Batting: LHB Paul Alexander
|
0-0: Ground out 4-3 (Groundball, 34) Anastasio García scores Alfonso Montoya to third
|
Batting: RHB Dan Martin
|
0-0: Ball 1-0: Called Strike 1-1: Fly out, F4 (Line Drive, 4M)
|
Top of the 8th over - 2 run(s), 3 hit(s), 0 error(s), 1 left on base; Redwood City 7 - Vancouver 0 |
BOTTOM OF THE 8TH |
Vancouver Vipers batting - Pitching for Redwood City Redwoods : RHP Ron Williams
|
Now at C: Orlando Santos
|
|
Batting: SHB Richard Bowman
|
0-0: Ball 1-0: Called Strike 1-1: Foul Ball, location: 2F 1-2: Fly out, F2 (Popup, 2LF)
|
Batting: LHB Marcos Cantú
|
0-0: Ball 1-0: Ground out 4-3 (Groundball, 4)
|
Batting: LHB Mike Williams
|
0-0: Foul Ball, location: 2F 0-1: Foul Ball, location: 2F 0-2: Ball 1-2: Ball 2-2: Strikes out swinging
|
Bottom of the 8th over - 0 run(s), 0 hit(s), 0 error(s), 0 left on base; Redwood City 7 - Vancouver 0 |
TOP OF THE 9TH |
Redwood City Redwoods batting - Pitching for Vancouver Vipers : LHP Theron Lilly
|
Batting: LHB Tony Warrilow
|
0-0: Ball 1-0: Called Strike 1-1: Called Strike 1-2: Ball 2-2: Strikes out looking
|
Batting: LHB Nicholas Alston
|
0-0: Ball 1-0: Called Strike 1-1: Foul Ball, location: 2F 1-2: Foul Ball, location: 2F 1-2: Ball 2-2: Foul Ball, location: 2F 2-2: Strikes out swinging
|
Batting: SHB Marvin Harris
|
0-0: Ball 1-0: Ball 2-0: Ball 3-0: Called Strike 3-1: Base on Balls
|
Batting: RHB Edgardo Gonzáles
|
0-0: Ball 1-0: Fielders Choice at 2nd, 5-4 (Groundball, 5)
|
Top of the 9th over - 0 run(s), 0 hit(s), 0 error(s), 0 left on base; Redwood City 7 - Vancouver 0 |
BOTTOM OF THE 9TH |
Vancouver Vipers batting - Pitching for Redwood City Redwoods : RHP Ron Williams
|
Pitching: RHP Manuel Mora
|
|
Batting: SHB Henry Copeland
|
0-0: Ball 1-0: Foul Ball, location: 2F 1-1: Ground out U3 (Groundball, 3)
|
Batting: RHB Arthur Dumais
|
0-0: Foul Ball, location: 2F 0-1: Ball 1-1: Swinging Strike 1-2: Foul Ball, location: 2F 1-2: Strikes out swinging
|
Batting: RHB Cristo Gilera
|
0-0: Called Strike 0-1: Ground out 2-3 (Groundball, 25)
|
Bottom of the 9th over - 0 run(s), 0 hit(s), 0 error(s), 0 left on base; Redwood City 7 - Vancouver 0 |
|